 Dungeon Crawl Stone Soup version 0.29.1-1-gd02db6906a (webtiles) character file.

Game seed: 1334786252061461759

68610 mcbry74 the Severer (level 14, -8/129 HPs)
             Began as a Minotaur Fighter on Sept 28, 2022.
             Was a High Priest of Trog.
             Killed from afar by a will-o-the-wisp (18 damage)
             ... with a foxfire
             ... on level 1 of the Swamp.
             The game lasted 02:03:43 (29163 turns).

mcbry74 the Severer (Minotaur Fighter)             Turns: 29163, Time: 02:03:44

Health: -8/129     AC: 19    Str: 29    XL:     14   Next: 87%
Magic:  13/13      EV: 12    Int:  7    God:    Trog [*****.]
Gold:   1623       SH:  8    Dex: 11    Spells: 13/13 levels left

rFire   . . .      SeeInvis .   a - +3 war axe (spect)
rCold   . . .      Faith    .   c - +2 buckler
rNeg    . . .      Spirit   .   t - +1 chain mail "Myteahily" {rPois rF- rCorr Str+6}
rPois   +          Reflect  .   R - +2 hat
rElec   .          Harm     .   Z - +1 cloak
rCorr   +          Rampage  .   h - +0 pair of gloves
Will    ++...                   (no boots)
Stlth   ..........              e - amulet of the acrobat
HPRegen 0.31/turn               k - ring of willpower
MPRegen 0.13/turn               G - ring of protection from fire

@: studying Fighting
A: horns 2, retaliatory headbutt
a: Renounce Religion, Berserk, Trog's Hand, Brothers in Arms


You were on level 1 of the Swamp.
You worshipped Trog.
Trog was extremely pleased with you.
You visited 5 branches of the dungeon, and saw 22 of its levels.
You also visited: Ice Cave and Volcano.

You collected 2663 gold pieces.
You spent 1040 gold pieces at shops.

Inventory:

Hand Weapons
 a - a +3 spectral war axe (weapon)
 U - the +7 spear "Douff" {venom, rElec rF- rC+++ Will+}
   (You found it on level 9 of the Dungeon)

   It poisons the flesh of those it strikes.
   rF:        It makes you vulnerable to fire.
   rC:        It renders you almost immune to cold.
   rElec:     It insulates you from electricity.
   Will:      It increases your willpower.
Missiles
 i - 9 poisoned darts
 y - 5 silver javelins
 C - 3 curare-tipped darts
 H - 5 datura-tipped darts
 J - 9 boomerangs (quivered)
 V - 12 javelins
 W - 6 throwing nets
 Y - an atropa-tipped dart
Armour
 c - a +2 buckler (worn)
 h - a +0 pair of gloves (worn)
 t - the +1 chain mail "Myteahily" (worn) {rPois rF- rCorr Str+6}
   (You found it on level 12 of the Dungeon)

   Str:       It affects your strength (+6).
   rF:        It makes you vulnerable to fire.
   rPois:     It protects you from poison.
   rCorr:     It protects you from acid and corrosion.
 R - a +2 hat (worn)
 Z - a +1 cloak (worn)
Jewellery
 b - a ring of protection from fire
 e - an amulet of the acrobat (around neck)
 f - a ring of positive energy
 k - a ring of willpower (left hand)
 r - a ring of see invisible
 A - a +4 ring of protection
 D - a ring of willpower
 E - a ring of ice
 G - a ring of protection from fire (right hand)
 O - a +4 ring of evasion
 P - a ring of poison resistance
Wands
 l - a wand of iceblast (8)
 p - a wand of flame (60)
 u - a wand of digging (9)
 x - a wand of light (3)
 Q - a wand of mindburst (15)
Scrolls
 g - a scroll of acquirement {unknown}
 j - a scroll of poison
 q - a scroll of summoning
 s - 2 scrolls of fear
 F - 8 scrolls of teleportation
 S - a scroll of silence
Potions
 d - 2 potions of might
 m - 6 potions of curing
 n - a potion of resistance {unknown}
 o - 8 potions of heal wounds
 v - 3 potions of lignification
 w - 3 potions of haste
 B - 4 potions of cancellation
 I - 3 potions of ambrosia {unknown}
 K - 2 potions of flight {unknown}
 L - a potion of berserk rage {unknown}
 M - 4 potions of invisibility {unknown}
 X - a potion of magic {unknown}
Miscellaneous
 z - a phantom mirror
 N - a box of beasts


   Skills:
 + Level 13.2 Fighting
 - Level 18.0 Axes
 + Level 9.3 Throwing
 + Level 11.8 Armour
 + Level 10.0 Dodging
 + Level 11.8 Shields
 + Level 7.5 Evocations


You had 13 spell levels left.
You didn't know any spells.
Your spell library contained the following spells:

 Spells                   Type           Power      Damage    Failure   Level
 Necrotise                Necr           0%         1d4       91%         1
 Sting                    Tmut/Pois      0%         1d3       91%         1
 Ensorcelled Hibernation  Hex/Ice        0%         N/A       97%         2
 Passwall                 Tmut/Erth      0%         N/A       97%         2
 Poisonous Vapours        Pois/Air       0%         N/A       97%         2
 Portal Projectile        Hex/Tloc       0%         N/A       99%         3
 Swiftness                Air            0%         N/A       99%         3
 Tukima's Dance           Hex            0%         N/A       99%         3
 Vampiric Draining        Necr           0%         2d6       99%         3
 Airstrike                Air            0%         2d(0-16)  100%        4
 Hailstorm                Conj/Ice       0%         3d3       100%        4
 Ice Form                 Ice/Tmut       0%         N/A       100%        4
 Olgreb's Toxic Radiance  Pois           0%         N/A       100%        4
 Summon Lightning Spire   Summ/Air       0%         N/A       100%        4
 Agony                    Necr           0%         N/A       100%        5
 Blade Hands              Tmut           0%         N/A       100%        5
 Lightning Bolt           Conj/Air       0%         1d11      100%        5
 Simulacrum               Ice/Necr       0%         N/A       100%        6


Dungeon Overview and Level Annotations

Branches:
Dungeon (13/15)            Temple (1/1) D:5            Lair (5/5) D:9
  Swamp (1/4) Lair:3       Spider (0/4) Lair:2        Slime (0/5) Lair:5
    Orc (2/2) D:11            Elf (0/3) Orc:2         IceCv (visited)
Volcano (visited)
 Vaults: D:13-14

Altars:
Ashenzari
Cheibriados
Fedhas
Gozag
Hepliaklqana
Okawaru
Qazlal
Trog
Xom
Zin

Shops:
D:8 (   D:10 :   D:11 (   Orc:2 (:?*[


Innate Abilities, Weirdness & Mutations

You have a pair of horns on your head.
You reflexively headbutt those who attack you in melee.


Message History

You block the harpoon shot.
The will-o-the-wisp gestures.
The will-o-the-wisp conjures some foxfire!
The swamp worm fires a harpoon shot at you.
The harpoon shot misses you. 2 foxfires come into view.
Throw: 9 boomerangs
Press: ? - help, Q - select action, (/) - cycle Shift-Dir - straight line, f - swamp worm
Aim: a swamp worm (61% to hit)
You throw a boomerang. The boomerang misses the swamp worm.
The foxfire hits you!!
Throw: 9 boomerangs
Press: ? - help, Q - select action, (/) - cycle Shift-Dir - straight line, f/p - swamp worm
Aim: a swamp worm (wisps of flame, 61% to hit)
You throw a boomerang. The boomerang hits the swamp worm!
The swamp worm is moderately wounded.
The will-o-the-wisp is engulfed in spectral mist.
The will-o-the-wisp gestures.
The will-o-the-wisp conjures some foxfire! 2 foxfires come into view.
You slash the swamp worm! Your headbutt misses the swamp worm.
The swamp worm is severely wounded.
Your +3 spectral war axe hits the swamp worm!
The foxfire hits you!!
* * * LOW HITPOINT WARNING * * *
The will-o-the-wisp gestures.
The will-o-the-wisp conjures some foxfire!
The swamp worm bites your +3 spectral war axe.
Your spectral weapon shares its damage with you!
* * * LOW HITPOINT WARNING * * *
2 foxfires come into view.
You slice the swamp worm!!
You kill the swamp worm!
Trog accepts your kill.
You closely miss the foxfire.
Your +3 spectral war axe hits the foxfire!!
The foxfire hits you!
* * * LOW HITPOINT WARNING * * *
The foxfire hits you!!
You die...

~♣~~...~~~♣♣...~.♣~~.♣♣♣
~~~~~~~§..~.§.~~~~~...♣
..~~~~~.~~♣~~~.~~.....
♣°~~~~~.~~~§~.♣~.##..~
♣♣.§§..~♣.......)..##..
♣.§§v§~~~♣.♣♣♣.~....##.
♣♣..§♣v.~~(♣♣♣.~~.†....
♣♣§..v~~~.~.♣...♣....#.
♣.~~.(@§≈~~..~#.....##.
♣♣~~~§§[..)~.......##..
♣~.§~~.♣~~~...#.###...
♣.♣.~~~.~~~§.♣.......♣.
♣♣..~~~~~~~~.~~~§~~...~
♣♣...~...~.§...~.~~..~
♣.♣~~~.~))~~~♣~.~~..~
♣.♣~~~~~~.~§~~....~~~.
♣♣..~.~~.......♣♣♣♣♣♣.


You could see a will-o-the-wisp and a friendly +3 spectral war axe (summoned).

Vanquished Creatures
  An orc warlord (Orc:2)
  Fannar (Lair:1)
  2 boulder beetles
  Erolcha (D:9)
  Harold (Lair:2)
  6 hydras
  Erica (D:10)
  A centaur warrior (D:13)
  3 two-headed ogres
  A ghost crab (Swamp:1)
  4 catoblepae
  5 death yaks (Lair:5)
  An orc high priest (Orc:2)
  Urug (D:13)
  Nergalle (D:10)
  A goliath frog (Swamp:1)
  A bog body (Swamp:1)
  A lindwurm (Lair:5)
  5 orc knights (Orc:2)
  4 orc sorcerers
  2 manticores (Lair:5)
  7 ugly things
  4 cyclopes
  3 black mambas
  9 elephants
  An ice statue (IceCv)
  A molten gargoyle (Volcano)
  A gargoyle (Volcano)
  An unseen horror (D:12)
  10 cane toads
  Maggie (D:8)
  6 komodo dragons
  4 rime drakes
  An anaconda simulacrum (IceCv)
  An efreet (D:13)
  3 trolls
  4 tyrant leeches (Swamp:1)
  2 polar bears
  2 meliai (D:13)
  4 slime creatures (D:12)
  4 hornets
  8 blink frogs
  7 dream sheep (Lair:5)
  3 spriggans (Swamp:1)
  Sigmund (D:3)
  2 shadows
  5 wyverns
  A vampire (D:9)
  6 fire bats (Volcano)
  3 basilisks
  33 yaks
  2 death yak simulacra (IceCv)
  A redback (Lair:2)
  A steam dragon (D:9)
  13 vampire mosquitoes
  4 wargs
  9 water moccasins
  2 swamp worms (Swamp:1)
  2 acid dragons
  33 orc warriors
  2 swamp drakes
  4 ice beasts
  4 black bears
  5 ogres
  A centaur (D:9)
  A kobold brigand (D:4)
  A phantom (D:7)
  4 necrophages
  A wyvern zombie (D:7)
  9 bullfrogs
  A gnoll sergeant (D:9)
  A scorpion (D:4)
  2 elephant simulacra (IceCv)
  17 killer bees
  3 electric eels (D:10)
  2 howler monkeys
  7 lava snakes (Volcano)
  4 crimson imps (D:9)
  5 hounds
  3 jellies
  30 orc priests
  A gnoll bouda (D:11)
  A centaur zombie (D:7)
  Jessica (D:2)
  7 iguanas
  A polar bear simulacrum (IceCv)
  36 orc wizards
  2 killer bee zombies (D:7)
  7 gnolls
  6 adders
  12 white imps (D:11)
  3 worms
  2 dart slugs
  86 orcs
  6 ball pythons
  9 bats
  5 endoplasms
  3 giant cockroaches
  7 goblins
  9 hobgoblins
  7 kobolds
  5 quokkas
  5 frilled lizards
  7 rats
584 creatures vanquished.

Vanquished Creatures (collateral kills)
  Sonja (D:13)
  A sun demon (Volcano)
  An ugly thing (Volcano)
3 creatures vanquished.

Vanquished Creatures (others)
  2 orcs
  A bush (D:7)
  8 foxfires (Swamp:1)
  24 fungi
  42 plants
77 creatures vanquished.

Grand Total: 664 creatures vanquished

Notes
Turn   | Place    | Note
-------+----------+-------------------------------------------
     0 | D:1      | mcbry74 the Minotaur Fighter began the quest for the Orb.
     0 | D:1      | Reached XP level 1. HP: 19/19 MP: 0/0
   123 | D:1      | Reached XP level 2. HP: 27/27 MP: 1/1
   144 | D:1      | Found a faded altar of an unknown god.
   174 | D:1      | Reached skill level 3 in Axes
   477 | D:2      | Reached XP level 3. HP: 27/33 MP: 2/2
   710 | D:2      | Reached skill level 4 in Axes
   911 | D:2      | Reached XP level 4. HP: 40/40 MP: 3/3
  1145 | D:2      | Noticed Jessica
  1148 | D:2      | Killed Jessica
  1149 | D:2      | Reached skill level 5 in Axes
  1713 | D:4      | Found an opulent altar of Gozag.
  1749 | D:4      | Reached XP level 5. HP: 27/46 MP: 4/4
  1887 | D:4      | Reached skill level 6 in Axes
  1990 | D:4      | Identified the +9 whip "Yxaifiopn" {protect, rElec rC+}
  2410 | D:4      | Found a glowing silver altar of Zin.
  2482 | D:4      | Reached skill level 7 in Axes
  2732 | D:4      | Reached XP level 6. HP: 40/52 MP: 5/5
  3007 | D:4      | Reached skill level 8 in Axes
  3079 | D:5      | Entered Level 5 of the Dungeon
  3085 | D:5      | Reached XP level 7. HP: 56/59 MP: 6/6
  3126 | D:5      | Found a snail-covered altar of Cheibriados.
  3180 | D:5      | Reached skill level 9 in Axes
  3196 | D:5      | Found a staircase to the Ecumenical Temple.
  3304 | Temple   | Entered the Ecumenical Temple
  3323 | Temple   | Became a worshipper of Trog the Wrathful
  3615 | D:3      | Noticed Sigmund
  3644 | D:3      | Killed Sigmund
  3645 | D:3      | Reached skill level 10 in Axes
  4867 | D:6      | Reached skill level 1 in Throwing
  4867 | D:6      | Reached skill level 1 in Dodging
  4867 | D:6      | Reached XP level 8. HP: 26/66 MP: 7/7
  5713 | D:6      | Reached skill level 5 in Shields
  5756 | D:6      | Reached skill level 5 in Armour
  5856 | D:6      | Reached * piety under Trog
  5857 | D:6      | Reached skill level 5 in Fighting
  5857 | D:6      | Reached skill level 11 in Axes
  6310 | D:6      | Reached XP level 9. HP: 74/74 MP: 8/8
  6559 | D:7      | Found a blossoming altar of Fedhas.
  6988 | D:7      | Found a broken altar of Ashenzari.
  7364 | D:7      | Reached ** piety under Trog
  7470 | D:8      | Found a hazy altar of Hepliaklqana.
  7539 | D:8      | Reached skill level 12 in Axes
  7984 | D:8      | Noticed Maggie
  7991 | D:8      | Killed Maggie
  7992 | D:8      | Reached skill level 1 in Evocations
  7997 | D:8      | Reached XP level 10. HP: 55/84 MP: 9/9
  8151 | D:8      | Found an iron altar of Okawaru.
  8219 | D:8      | Found a stormy altar of Qazlal.
  8463 | D:8      | Found Yschoofer's Weapon Emporium.
  8828 | D:9      | Found a shimmering altar of Xom.
  8916 | D:9      | Noticed Erolcha
  8932 | D:9      | Killed Erolcha
  8946 | D:9      | Found a staircase to the Lair.
  8947 | D:9      | Identified the +7 spear "Douff" {venom, rElec rF- rC+++
                  | Will+}
  9144 | D:9      | Reached skill level 5 in Dodging
  9344 | D:9      | Reached skill level 13 in Axes
  9607 | D:9      | Reached *** piety under Trog
  9832 | D:10     | Entered Level 10 of the Dungeon
  9939 | D:10     | Identified the +1 chain mail of Polish {Harm rElec rF-
                  | MP+9}
 10352 | D:10     | Noticed Nergalle
 10366 | D:10     | Killed Nergalle
 10367 | D:10     | Reached skill level 5 in Throwing
 10671 | D:10     | Found Yrraokk's Self-Improvement Boutique.
 10832 | D:10     | Noticed Erica
 10844 | D:10     | Killed Erica
 10845 | D:10     | Reached XP level 11. HP: 48/92 MP: 10/10
 11704 | D:11     | Found a frozen archway.
 11737 | IceCv    | Entered an ice cave
 12012 | IceCv    | Noticed a white ugly thing
 12029 | IceCv    | Killed a white ugly thing
 12815 | IceCv    | Noticed a white ugly thing
 13242 | D:11     | Found Gyaka's Weapon Shoppe.
 13248 | D:11     | Noticed a two-headed ogre
 13286 | D:11     | Killed a two-headed ogre
 13441 | D:11     | Reached **** piety under Trog
 13610 | D:11     | Reached skill level 14 in Axes
 13818 | D:11     | Noticed a boulder beetle
 14525 | D:11     | Killed a boulder beetle
 14918 | D:11     | Found a staircase to the Orcish Mines.
 14921 | D:11     | Noticed a cyan ugly thing
 14937 | D:11     | Killed a cyan ugly thing
 15411 | D:12     | Noticed a catoblepas
 15412 | D:12     | Identified the +1 chain mail "Myteahily" {rPois rF- rCorr
                  | Str+6}
 15431 | D:12     | Killed a catoblepas
 15706 | D:12     | Noticed a two-headed ogre
 15716 | D:12     | Killed a two-headed ogre
 16055 | D:12     | Noticed a cyan ugly thing
 16071 | D:12     | Killed a cyan ugly thing
 16219 | D:12     | Reached XP level 12. HP: 100/103 MP: 11/11
 16304 | D:12     | Noticed a two-headed ogre
 16313 | D:12     | Killed a two-headed ogre
 16691 | D:12     | Reached skill level 15 in Axes
 16880 | D:12     | Noticed a six-headed hydra
 16891 | D:12     | Killed a six-headed hydra
 17292 | Lair:1   | Entered Level 1 of the Lair of Beasts
 17332 | Lair:1   | Reached skill level 5 in Evocations
 17526 | Lair:1   | Noticed Fannar
 17550 | Lair:1   | Killed Fannar
 17559 | Lair:1   | Reached ***** piety under Trog
 18288 | Lair:1   | Found a bloodstained altar of Trog.
 19050 | Lair:2   | Noticed Harold
 19062 | Lair:2   | Killed Harold
 19152 | Lair:2   | Found a hole to the Spider Nest.
 19588 | Lair:3   | Received a gift from Trog
 19616 | Lair:3   | Reached XP level 13. HP: 93/113 MP: 12/12
 19651 | Lair:3   | Found a staircase to the Swamp.
 19769 | Lair:3   | Found a dark tunnel.
 19776 | Volcano  | Entered a volcano
 19825 | Volcano  | Reached skill level 10 in Shields
 19838 | Volcano  | Reached skill level 10 in Armour
 19858 | Volcano  | Reached skill level 16 in Axes
 19936 | Volcano  | Found a radiant altar of Vehumet.
 19941 | Volcano  | Reached skill level 10 in Fighting
 20767 | D:10     | Bought a manual of Fighting for 1040 gold pieces
 21806 | Lair:5   | Entered Level 5 of the Lair of Beasts
 21878 | Lair:5   | Identified the +6 short sword of Verdant Cruel Justice
                  | {drain, rPois Int+4 Dex-4}
 21894 | Lair:5   | Found a staircase to the Slime Pits.
 22588 | Lair:5   | Reached skill level 17 in Axes
 23028 | Lair:5   | Reached XP level 14. HP: 124/124 MP: 13/13
 24497 | Orc:1    | Entered Level 1 of the Orcish Mines
 24508 | Orc:1    | Received a gift from Trog
 25139 | Orc:2    | Entered Level 2 of the Orcish Mines
 25753 | Orc:2    | Found a staircase to the Elven Halls.
 25914 | Orc:2    | Found Emoniq's Magic Scroll Shoppe.
 25954 | Orc:2    | Noticed an orc warlord
 27356 | D:13     | Noticed Urug
 27362 | D:13     | Killed Urug
 27584 | D:13     | Noticed Sonja
 27591 | D:13     | Killed Sonja
 27924 | Orc:2    | Killed an orc warlord
 28062 | Orc:2    | Found Puilit's Antique Armour Emporium.
 28092 | Orc:2    | Found Xuaghep's Book Emporium.
 28201 | Orc:2    | Found Wiesm's Antique Weapon Emporium.
 28244 | Orc:2    | Found Defofi's General Store.
 28626 | Swamp:1  | Entered Level 1 of the Swamp
 28697 | Swamp:1  | Reached skill level 18 in Axes
 28942 | Swamp:1  | Reached skill level 10 in Dodging
 29163 | Swamp:1  | Killed from afar by a will-o-the-wisp

Illustrated notes

Levels and vault maps discovered:
D:1:      dpeg_arrival_rooms_a, layout_rooms, basic_ecumenical_altar
D:2:      layout_loops_corners, serial_bayou_pond_d, minmay_splitting_lines,
          uniq_jessica
D:3:      layout_basic, nicolae_overflow_hidden_temple, serial_forest,
          infiniplex_forest_split, infiniplex_forest_end_3,
          infiniplex_forest_clump_tiny, infiniplex_forest_side_room,
          infiniplex_forest_corner_1, uniq_sigmund
D:4:      layout_loops_corners, pdpol_temple_overflow_zin_treasury_gozag_greed
D:5:      layout_basic, mainiacjoe_overflow_six_doors_small, temple_hall
D:6:      layout_loops_ring, mrwooster_statue_mirror
D:7:      layout_loops_ring, ashenzari_conservatory_becter,
          fedhas_altar_decomposition, dk_vineyard_3,
          chequers_serial_rivers_micro_b
D:8:      layout_loops_ring, mainiacjoe_overflow_concentric_impassable,
          okawaru_altar_gauntlet_db, nicolae_qazlal_style_of_elements,
          serial_shops, kennysheep_mini_moat, bh_walls_and_bars, uniq_maggie
D:9:      layout_long_grid, led_xom_imps, dpeg_oklobed_lair, uniq_erolcha
D:10:     layout_roguey, serial_bayou, serial_bayou_shore_a,
          serial_bayou_pond_c, serial_bayou_pond_b, serial_bayou_shore_b,
          nicolae_shop_self_help, uniq_erica, uniq_nergalle
D:11:     layout_basic, erik_orc_1, serial_shops, nicolae_shop_crystal,
          portal_ice_cave_entry_imps, dreamdust_gnoll_shepherd
D:12:     layout_basic
D:13:     layout_basic, eino_jars, uniq_urug, uniq_sonja
Temple:   hc_temple_tempest_star
Lair:1:   layout_gridlike, basic_altar, uniq_fannar
Lair:2:   layout_cave_pods, spider_nest_entry_a, uniq_harold
Lair:3:   layout_gridlike, minmay_swamp_entry_reptiles,
          nicolae_volcano_entry_two_sided, grunt_megastairs_5
Lair:4:   layout_long_grid
Lair:5:   evilmike_catoblepas_cave, layout_cave_pods, dpeg_slime_entry_enclosed
Swamp:1:  layout_falls_marsh, evilmike_swamp_ruin_house_4
Orc:1:    minmay_goldmine, layout_diamond_mine
Orc:2:    grunt_orc_cross, layout_caves, basic_altar, serial_shops, shop

Skill      XL: |  1  2  3  4  5  6  7  8  9 10 11 12 13 14 |
---------------+-------------------------------------------+-----
Axes           | 3 4 5 7 8 10 11 12 13 14 15 17 18 | 18.0
Fighting       | 4 5 6 7 8 9 11 13 | 13.2
Armour         | 4 5 6 7 8 9 10 11 | 11.8
Shields        | 4 5 6 7 8 9 10 11 | 11.8
Throwing       | 1 2 4 5 6 7 8 9 |  9.3
Dodging        | 1 2 4 5 6 8 9 10 | 10.0
Evocations     | 1 3 4 5 6 7 |  7.5

Action                   |  1- 3 |  4- 6 |  7- 9 | 10-12 | 13-15 || total
-------------------------+-------+-------+-------+-------+-------++-------
Melee: War axe           |    92 |    90 |   305 |   540 |   514 ||  1541
       Headbutt          |    11 |    17 |    48 |   145 |   127 ||   348
       Spear             |       |       |       |   115 |    19 ||   134
       Halberd           |       |       |       |    67 |       ||    67
       Punch             |       |       |       |     2 |       ||     2
Throw: Stone             |     9 |       |     7 |     6 |       ||    22
       Dart              |       |       |       |    45 |     6 ||    51
       Javelin           |       |       |       |    15 |       ||    15
       Boomerang         |       |       |       |    25 |   112 ||   137
Invok: Trog's Hand       |       |       |     1 |     2 |     2 ||     5
       Berserk           |       |       |     1 |     2 |     2 ||     5
       Brothers in Arms  |       |       |       |       |     2 ||     2
Evoke: Wand              |       |       |       |       |     9 ||     9
  Use: Scroll            |       |       |    10 |    12 |     7 ||    29
 Stab: Confused          |       |       |       |     2 |     1 ||     3
       Distracted        |       |       |       |     3 |    11 ||    14
       Invisible         |       |       |       |     2 |       ||     2
Armor: Scale mail        |    38 |     8 |       |   124 |       ||   170
       Chain mail        |       |    34 |   113 |    88 |    91 ||   326
Dodge: Dodged            |    46 |    37 |   108 |   302 |   142 ||   635
Block: Buckler           |    29 |    10 |    51 |   126 |   127 ||   343
